 Dungeon Crawl Stone Soup version 0.31-b1-20-g67cafac56d (webtiles) character file.

Game seed: 6021799274989093749

837 PaiMei the Grave Robber (level 7, 0/46 HPs)
             Began as a Demonspawn Necromancer on Jan 18, 2024.
             Slain by an ufetubus (2 damage)
             ... on level 5 of the Dungeon.
             The game lasted 00:05:13 (4917 turns).

PaiMei the Grave Robber (Demonspawn Necromancer)    Turns: 4917, Time: 00:05:13

Health: 0/46       AC:  4    Str:  8    XL:     7   Next: 66%
Magic:  6/13       EV: 13    Int: 18    God:
Gold:   188        SH:  0    Dex: 13    Spells: 6/14 levels left

rFire   . . .        v - +2 dagger (venom)
rCold   . . .        (no shield)
rNeg    . . .        a - +0 robe
rPois   .            (no helmet)
rElec   .            (no cloak)
rCorr   .            (no gloves)
SInv    .            (no boots)
Will    .....        (no amulet)
Stlth   +++          (no ring)
HPRegen 0.27/turn    (no ring)
MPRegen 0.13/turn

%: no passive effects
@: studying Long Blades
A: slimy green scales 1, powered by death 1, weakness stinger 1
a: no special abilities


You were on level 5 of the Dungeon.
You visited 2 branches of the dungeon, and saw 6 of its levels.

You collected 188 gold pieces.

Inventory:

Hand Weapons
 c - a +0 dagger
 u - a +1 dagger of protection
 v - a +2 dagger of venom (weapon)
Missiles
 k - 14 poisoned darts (quivered)
Armour
 a - a +0 robe (worn)
 n - a +2 ring mail of cold resistance
 o - a +0 kite shield
Jewellery
 h - a ring of ice
 t - a ring of wizardry
 x - an amulet of faith
 A - a ring of ice
 B - a ring of positive energy
Wands
 s - a wand of charming (7)
 C - a wand of polymorph (9)
Scrolls
 d - 2 scrolls of immolation {unknown}
 e - a scroll of enchant armour {unknown}
 m - 2 scrolls of fear {unknown}
 p - a scroll of poison {unknown}
 q - a scroll of brand weapon {unknown}
 w - a scroll of blinking {unknown}
 y - a scroll of identify {unknown}
 D - a scroll of teleportation {unknown}
 E - a scroll of noise {unknown}
 F - 2 scrolls of silence {unknown}
Potions
 b - a potion of magic
 f - a potion of brilliance {unknown}
 g - 2 potions of curing {unknown}
 i - 2 potions of cancellation {unknown}
 j - a potion of heal wounds {unknown}
 l - 2 potions of haste {unknown}
 r - a potion of degeneration {unknown}
 z - 2 potions of enlightenment {unknown}


   Skills:
 + Level 4.2 Dodging
 + Level 4.5 Stealth
 + Level 4.3 Spellcasting
 + Level 6.5 Necromancy


You had 6 spell levels left.
You knew the following spells:

 Your Spells              Type           Power      Damage    Failure   Level
a - Necrotise             Necr           100%       1d9       1%          1
b - Vampiric Draining     Necr           27%        2d7       3%          3
c - Animate Dead          Necr           27%        N/A       10%         4

Your spell library contained the following spells:

 Spells                   Type           Power      Damage    Failure   Level
 Fugue of the Fallen      Necr           27%        N/A       3%          3
 Ensorcelled Hibernation  Hex/Ice        6%         N/A       22%         2
 Curse of Agony           Necr           27%        N/A       26%         5
 Ozocubu's Armour         Ice            3%         N/A       38%         3
 Passwall                 Erth           3%         N/A       38%         3
 Swiftness                Air            3%         N/A       38%         3
 Manifold Assault         Tloc           3%         N/A       80%         4


Dungeon Overview and Level Annotations

Branches:
Dungeon (5/15)             Temple (1/1) D:5

Altars:
Ashenzari
Dithmenos
Fedhas
Gozag
Hepliaklqana
Makhleb
Nemelex Xobeh
Okawaru
Qazlal
Ru
Sif Muna
Trog
Vehumet
Wu Jian
Xom
Yredelemnul


Innate Abilities, Weirdness & Mutations

You are partially covered in slimy green scales. (AC +2)
You regenerate a little health from kills.
You have a small tail.


Message History

The ufetubus is almost dead.
You kill the ufetubus!
The ufetubus barely misses you. The ufetubus hits you.
The ufetubus slips past you! The ufetubus hits you. x2
The ufetubus attacks as it pursues you! The ufetubus hits you. x2
The ufetubus hits you. The ufetubus misses you.
You miss the ufetubus. You tail-slap the ufetubus.
The ufetubus is moderately wounded.
The ufetubus hits you.
* * * LOW HITPOINT WARNING * * *
The ufetubus hits you but does no damage.
You hit the ufetubus but do no damage.
You tail-slap the ufetubus, but do no damage.
The ufetubus is moderately wounded.
The ufetubus hits you.
* * * LOW HITPOINT WARNING * * *
The ufetubus hits you.
* * * LOW HITPOINT WARNING * * *
The ufetubus hits you.
* * * LOW HITPOINT WARNING * * *
The ufetubus barely misses you.
You miss the ufetubus.
The ufetubus is moderately wounded.
The ufetubus hits you but does no damage.
The ufetubus completely misses you.
You hit the ufetubus.
The ufetubus is poisoned.
Your tail-slap misses the ufetubus.
The ufetubus is moderately wounded.
The ufetubus misses you. The ufetubus hits you.
* * * LOW HITPOINT WARNING * * *
The ufetubus hits you but does no damage.
The ufetubus barely misses you.
You barely miss the ufetubus.
The ufetubus is heavily wounded.
The ufetubus slips past you! The ufetubus hits you.
* * * LOW HITPOINT WARNING * * *
The ufetubus misses you. The ufetubus attacks as it pursues you!
The ufetubus misses you. The ufetubus hits you.
You die...

# #.# ..#
............... # #.#
.## .#####........ ....
#.<....##.### #### ..#
####...##[.. .... ..#
#...##.... #### #>#
#...# .... #.# # #...#
... ##.####.# #...# ..
###..5@...# #...#
#.##.#########...# ..
###..#.#...........##..
##......###.####.#<..#..
# ###.......# #.#
#.#.#.#.#+#
######......##.# #.#
#.#.#.#.#.#
..##.......###.#
#.####.#.#.#.#.#
.........#.# #.#
#.##...#.#.#.#.#
......###### #.#
#.#..........#.#


You could see an ufetubus (very poisoned).

Vanquished Creatures
  An ice beast (D:5)
  2 centaurs (D:5)
  A howler monkey (D:4)
  A bombardier beetle (D:3)
  2 orc priests (D:5)
  2 sleepcaps (D:5)
  2 hounds (D:5)
  5 iguanas
  Terence (D:2)
  7 adders
  An ufetubus (D:5)
  2 dart slugs
  A ribbon worm (D:5)
  5 orcs
  6 endoplasms
  A giant cockroach (D:1)
  10 goblins
  9 hobgoblins
  2 jackals (D:2)
  7 kobolds
  5 quokkas
  7 ball pythons
  3 bats
  A frilled lizard (D:2)
  2 rats
86 creatures vanquished.

Vanquished Creatures (collateral kills)
  A hound (D:4)
  A ribbon worm (D:2)
  2 goblins
  A kobold (D:4)
  2 bats
7 creatures vanquished.

Grand Total: 93 creatures vanquished

Notes
Turn   | Place    | Note
-------+----------+-------------------------------------------
     0 | D:1      | PaiMei the Demonspawn Necromancer began the quest for the
                  | Orb.
     0 | D:1      | Reached XP level 1. HP: 13/13 MP: 3/3
   274 | D:1      | Gained mutation: You regenerate a little health from kills.
                  | [demonic ancestry]
   274 | D:1      | Reached XP level 2. HP: 17/19 MP: 0/5
   592 | D:1      | Found a faded altar of an unknown god.
   756 | D:1      | Gained mutation: You have a small tail. [demonic ancestry]
   756 | D:1      | Reached XP level 3. HP: 21/24 MP: 0/6
  1276 | D:2      | Noticed Terence
  1281 | D:2      | Killed Terence
  1282 | D:2      | Gained mutation: You are partially covered in slimy green
                  | scales. (AC +2) [demonic ancestry]
  1282 | D:2      | Reached XP level 4. HP: 30/30 MP: 1/7
  1423 | D:2      | Learned a level 3 spell: Vampiric Draining
  1428 | D:2      | Learned a level 4 spell: Animate Dead
  1540 | D:2      | Reached skill level 5 in Necromancy
  2036 | D:3      | Found an iron altar of Okawaru.
  2537 | D:3      | Reached XP level 5. HP: 35/35 MP: 2/9
  3155 | D:4      | Reached XP level 6. HP: 31/41 MP: 4/11
  3674 | D:5      | Entered Level 5 of the Dungeon
  3889 | D:5      | Reached skill level 6 in Necromancy
  3963 | D:5      | Reached XP level 7. HP: 46/46 MP: 5/12
  4149 | D:5      | Found a staircase to the Ecumenical Temple.
  4155 | Temple   | Entered the Ecumenical Temple
  4192 | D:5      | Found a blossoming altar of Fedhas.
  4916 | D:5      | HP: 2/46 [ufetubus (3)]
  4917 | D:5      | Slain by an ufetubus

Illustrated notes

Levels and vault maps discovered:
D:1:      elethiomel_arrival_quiet, layout_rooms, ebering_ecumenical_altar_mist,
          minmay_pentomino_t4
D:2:      layout_loops_ring, uniq_terence
D:3:      layout_basic, kennysheep_okawaru_gauntlet, st_stairs_1, minivault_19,
          hangedman_glass_teeth, minmay_fountain_box, dreamdust_princess_bridge
D:4:      layout_basic
D:5:      layout_basic, fedhas_altar_2, nicolae_tso_carved_into_rock,
          minmay_temple_entry_hall, minmay_manual_mares
Temple:   minmay_temple_bridge_d

Skill      XL: |  1  2  3  4  5  6  7 |
---------------+----------------------+-----
Dodging        | 2 3 4 |  4.2
Stealth        | 2 3 4 |  4.5
Necromancy     | 5 6 |  6.5
Spellcasting   | 3 4 |  4.3

Action                     |  1- 3 |  4- 6 |  7- 9 || total
---------------------------+-------+-------+-------++-------
  Melee: Dagger            |    30 |    20 |    25 ||    75
         Tailslap          |       |     3 |     6 ||     9
         Punch             |       |     1 |     1 ||     2
   Cast: Necrotise         |    62 |    83 |    22 ||   167
         Vampiric Draining |       |     7 |    17 ||    24
   Stab: Distracted        |     1 |       |       ||     1
 Armour: Robe              |    17 |    41 |    53 ||   111
  Dodge: Dodged            |    36 |    65 |    53 ||   154
